 Dungeon Crawl Stone Soup version 0.31-b1-18-g61460d1e46 (webtiles) character file.

Game seed: 12463605156719980717

9 Esekla the Sneak (level 2, 21/21 HPs)
             Began as an Octopode Delver on Jan 17, 2024.
             Quit the game on level 5 of the Dungeon.
             The game lasted 00:01:24 (93 turns).

Esekla the Sneak (Octopode Delver)                    Turns: 93, Time: 00:01:25

Health: 21/21      AC:  1    Str: 11    XL:     2   Next: 16%
Magic:  2/2        EV: 13    Int: 12    God:
Gold:   12         SH:  0    Dex: 13    Spells: 1/1 levels left

rFire   . . .        a - +0 falchion
rCold   . . .        (no shield)
rNeg    . . .        (helmet restricted)
rPois   .            (no amulet)
rElec   .            (no ring)
rCorr   .            (no ring)
SInv    .            (no ring)
Will    .....        (no ring)
Stlth   ++++         (no ring)
HPRegen 0.23/turn    (no ring)
MPRegen 0.08/turn    (no ring)
                     (no ring)

%: no passive effects
@: no status effects
A: almost no armour, amphibious, 8 rings, camouflage 1, gelatinous body 1,
(nimble swimmer 1), tentacles
a: no special abilities


You were on level 5 of the Dungeon.
You visited 1 branch of the dungeon, and saw 1 of its levels.

You collected 12 gold pieces.

Inventory:

Hand Weapons
 a - a +0 falchion (weapon)
Missiles
 g - 5 javelins (quivered)
Wands
 f - a wand of digging (3)
Scrolls
 b - a scroll of fog
 c - a scroll of immolation {unknown}
 d - a scroll of fear
Potions
 e - a potion of haste


   Skills:
 * Level 3.1 Fighting
 * Level 2.1 Long Blades
 * Level 2.1 Dodging
 + Level 6.8 Stealth
 * Level 0.3 Spellcasting


You had one spell level left.
You didn't know any spells.
Your spell library was empty.

Dungeon Overview and Level Annotations

Branches:
Dungeon (5/15)
 Temple: D:4-7

Altars:
Zin


Innate Abilities, Weirdness & Mutations

You cannot wear most types of armour.
You are amphibious.
You can wear up to eight rings at the same time.
Your skin changes colour to match your surroundings (Stealth+).
Your rubbery body absorbs attacks. (AC +1, EV +1)
((You are camouflaged when in or above water. (Stealth+)))
You have tentacles for arms and can constrict up to eight enemies at once.


Message History

You see here 5 javelins.
g - 5 javelins An adder comes into view.
Found a stone staircase leading up.
As you read the scroll of revelation, it crumbles to dust.
You feel aware of your surroundings.
You sensed 1 altar.
There is a stone staircase leading up here.
An adder comes into view.
Found a scroll labelled VERYIN HIHI.
The adder hisses angrily.
You see here a scroll labelled VERYIN HIHI.
You closely miss the adder. Your grab misses the adder. The adder misses you.
You miss the adder. You grab the adder. You squeeze the adder.
The adder is heavily wounded.
You constrict the adder. The adder closely misses you. The adder bites you.
You are poisoned.
The adder poisons you!
You barely miss the adder.
The adder is heavily wounded.
You constrict the adder.
You feel sick. The adder misses you.
You barely miss the adder. Your squeeze misses the adder.
The adder is heavily wounded.
You constrict the adder.
You feel sick. The adder closely misses you. x2
You hit the adder.
You kill the adder!
You feel sick.
You have reached level 2!
c - a scroll labelled VERYIN HIHI You feel sick.
You feel sick.
You see here an adder corpse.
You feel sick.
You are no longer poisoned.
Found 12 gold pieces.
You now have 12 gold pieces.
Found a stone staircase leading up.
You open the door.
Found a glowing silver altar of Zin.
There is an open door here.
Are you sure you want to abandon this character and quit the game? (Confirm with "yes".)

*,,,,,,,,....#
#....#.####*,,,,,
*********#.,,*
###........,,,***
#..,* ###..##.###****
#...###....#*,*
#..........#*,*
#....#..8..#*,*
**#...###....#*,*
*,..,,#.#.^8.##,*
*,,,,,#_@.....#,*
*,,,,,#.#..8....# ***
****,,###.....###* *,,
*,,,*..8....<,******,,
*,,,,.........,,,,,,,,
*,***##...###.****,,*,
*,* *##.# *,,,,,,,,,
*,*******.#*******,,*,
*,,,,,,,,,,,,,,,,,,,,,


There were no monsters in sight!

Vanquished Creatures
  An adder (D:5)
1 creature vanquished.

Notes
Turn   | Place    | Note
-------+----------+-------------------------------------------
     0 | D:5      | Esekla the Octopode Delver began the quest for the Orb.
     0 | D:5      | Reached XP level 1. HP: 16/16 MP: 1/1
    40 | D:5      | Reached XP level 2. HP: 11/21 MP: 2/2
    91 | D:5      | Found a glowing silver altar of Zin.
    93 | D:5      | Quit the game

Illustrated notes

Levels and vault maps discovered:
D:5:      layout_loops_ring, zin_statuary

Action                     || total
---------------------------++-------
  Melee: Falchion          ||     5
         Constrict         ||     1
         Tentacles         ||     1
    Use: Scroll            ||     1
 Armour: Skin              ||     1
  Dodge: Dodged            ||     5
